 Dungeon Crawl Stone Soup version 0.24-a0-530-g18ba70b5 (webtiles) character file.

Game seed: 14322385022544168301

7 silentkaos13 the Caller (level 1, 0/10 HPs)
             Began as a Deep Elf Summoner on Aug 7, 2019.
             Slain by a hobgoblin
             ... wielding a +0 club
              (6 damage)
             ... on level 1 of the Dungeon.
             The game lasted 00:01:00 (545 turns).

silentkaos13 the Caller (Deep Elf Summoner)          Turns: 545, Time: 00:01:01

Health: 0/10       AC:  2    Str:  5    XL:     1   Next: 83%
Magic:  4/6        EV: 13    Int: 19    God:
Gold:   17         SH:  0    Dex: 15    Spells: 5/6 levels left

rFire    . . .     SeeInvis .   d - +0 short sword
rCold    . . .     Gourm    .   (no shield)
rNeg     . . .     Faith    .   a - +0 robe
rPois    .         Spirit   .   (no helmet)
rElec    .         Reflect  .   (no cloak)
rCorr    .         Harm     .   (no gloves)
MR       .....                  (no boots)
Stlth    ++........             (no amulet)
HPRegen  0.03/turn              (no ring)
MPRegen  0.10/turn              (no ring)

@: no status effects
A: no striking features
a: no special abilities


You were on level 1 of the Dungeon.
You were not hungry.

You visited 1 branch of the dungeon, and saw 1 of its levels.

You collected 17 gold pieces.

Inventory:

Hand Weapons
 d - a +0 short sword (weapon)
Armour
 a - a +0 robe (worn)
Scrolls
 e - a scroll of identify {unknown}
 f - a scroll of remove curse {unknown}
Potions
 b - a potion of might {unknown}
Comestibles
 c - 2 rations


   Skills:
 + Level 0.2 Short Blades
 + Level 2.4 Dodging
 + Level 2.4 Stealth
 + Level 3.1 Spellcasting
 + Level 4.7 Summonings


You had 5 spell levels left.
You knew the following spells:

 Your Spells              Type           Power        Failure   Level  Hunger
a - Summon Small Mammal   Summ           ###.         2%          1    None

Your spell library contained the following spells:

 Spells                   Type           Power        Failure   Level  Hunger
 Call Imp                 Summ           ###.....     3%          2    ##.....
 Call Canine Familiar     Summ           ###.....     6%          3    ###....
 Summon Guardian Golem    Hex/Summ       ##......     17%         3    ###....
 Summon Ice Beast         Ice/Summ       ##......     50%         4    ####...
 Summon Lightning Spire   Summ/Air       ##......     50%         4    ####...


Dungeon Overview and Level Annotations

Branches:
Dungeon (1/15)

Altars:


Message History

Your rat barely misses the hobgoblin.
Your quokka closely misses the bat.
The bat hits your quokka.
Your quokka barely misses the hobgoblin.
Your quokka misses the bat. The bat closely misses your quokka.
Your rat closely misses the bat.
The hobgoblin hits you with a +0 club.
You barely miss the hobgoblin.
The hobgoblin is moderately wounded.
The frilled lizard bites your quokka. The bat completely misses you.
Your quokka completely misses the bat.
Your rat closely misses the bat.
The hobgoblin completely misses you.
You closely miss the hobgoblin.
The hobgoblin is moderately wounded.
The bat completely misses you.
The bat hits your rat but does no damage.
Your quokka closely misses the bat.
The frilled lizard completely misses your quokka.
The hobgoblin hits you with a +0 club.
Ouch! That really hurt!
You die...

........# .####...#
#..........# .####...##
#..........
..##.....###.........##
..........##).........#
................l.....#
.........[.#........$.#
...........#.rrrg.....#
..............b.@.....#
...........##........##
##.........##.......##
#..............#####
#......(..#......#
#..........######...#
...........# #.#...#
###........# #.......>
##.....#.. #........


You could see a hobgoblin, a bat, a frilled lizard, 2 friendly quokkas and a
friendly rat.

Vanquished Creatures
  A leopard gecko (D:1)
  2 frilled lizards (D:1)
3 creatures vanquished.

Vanquished Creatures (collateral kills)
  A hobgoblin (D:1)
  A kobold (D:1)
  2 rats (D:1)
4 creatures vanquished.

Grand Total: 7 creatures vanquished

Notes
Turn   | Place    | Note
-------+----------+-------------------------------------------
     0 | D:1      | silentkaos13 the Deep Elf Summoner began the quest for the
                  | Orb.
     0 | D:1      | Reached XP level 1. HP: 10/10 MP: 6/6
   545 | D:1      | Slain by a hobgoblin

Levels and vault maps discovered:
D:1:      ebering_hopf_link, layout_rooms, chequers_hall_statues_corner_a

Action                   || total
-------------------------++-------
Melee: Short sword       ||    20
 Cast: Summon Small Mamm ||     5
Armor: Robe              ||     2
Dodge: Dodged            ||    17

Table legend:
 A = Non-vault XP
 B = Vault XP
 C = Vault XP percentage of total XP
 D = Non-vault monster count
 E = Vault monster count
 F = Vault count percentage of total count
                 A         B        C        D         E       F
            +---------+---------+-------+---------+---------+-------
      Total |      10 |       0 |   0.0 |       7 |       0 |   0.0
            +---------+---------+-------+---------+---------+-------
        D:1 |      10 |       0 |   0.0 |       7 |       0 |   0.0
            +---------+---------+-------+---------+---------+-------
